 Dungeon Crawl Stone Soup version 0.21.1-1-g345015fe64 (webtiles) character file.

3442 Gargoyl the Chopper (level 9, -3/75 HPs)
             Began as a Centaur Abyssal Knight on July 14, 2018.
             Was a High Priest of Lugonu.
             Slain by a wyvern (8 damage)
             ... on level 9 of the Dungeon.
             The game lasted 00:23:36 (11096 turns).

Gargoyl the Chopper (Centaur Abyssal Knight)       Turns: 11096, Time: 00:23:36

Health: -3/75      AC: 17    Str: 21    XL:     9   Next: 77%
Magic:  21/23      EV:  6    Int: 11    God:    Lugonu [*****.]
Gold:   635        SH:  0    Dex:  9    Spells: 8/8 levels left

rFire    . . .     SeeInvis .   x - +6 hand axe
rCold    + . .     Gourm    .   (no shield)
rNeg     . . .     Faith    .   d - +5 chain mail of Hospitality {rPois}
rPois    +         Spirit   .   o - +1 helmet
rElec    .         Reflect  .   m - +0 cloak
rCorr    .         Harm     .   (no gloves)
MR       .....                  (no barding)
Stlth    ..........             (no amulet)
HPRegen  0.22/turn              e - ring of the Demon Prince {MP+9 Str+5 Dex-2}
MPRegen  0.18/turn              w - ring of protection from cold

@: slowed
A: large, hooves 3, deformed body, speed 2, tough skin 3
a: Depart the Abyss, Bend Space, Banish, Corrupt, Enter the Abyss, Renounce
Religion


You were on level 9 of the Dungeon.
You worshipped Lugonu.
Lugonu was extremely pleased with you.
You were hungry.

You visited 1 branch of the dungeon, and saw 9 of its levels.
You visited the Abyss 1 time.

You collected 635 gold pieces.

Inventory:

Hand Weapons
 a - a +1 hand axe
 x - a +6 hand axe (weapon)
Missiles
 u - 7 tomahawks (quivered)
Armour
 d - the +5 chain mail of Hospitality (worn) {rPois}
   (You found it on level 2 of the Abyss)

   It protects you from poison.
 m - a +0 cloak (worn)
 o - a +1 helmet (worn)
Jewellery
 e - the ring of the Demon Prince (left hand) {MP+9 Str+5 Dex-2}
   (You took it off an orc on level 8 of the Dungeon)

   [ring of magical power]

   It affects your strength (+5).
   It affects your dexterity (-2).
   It affects your magic capacity (+9).
 k - an uncursed ring of flight
 w - a ring of protection from cold (right hand)
Wands
 y - a wand of polymorph (6)
 A - a wand of acid (9)
Scrolls
 b - 4 scrolls of remove curse
 g - 4 scrolls of amnesia
 j - 9 scrolls of teleportation
 n - a scroll of identify
 q - a scroll of magic mapping
Potions
 f - 3 potions of heal wounds
 h - a potion of curing
 i - a potion of mutation {unknown}
 l - 2 potions of cancellation
 p - a potion of might {unknown}
 r - a potion of invisibility {unknown}
 s - 2 potions of magic
 t - a potion of berserk rage
 v - a potion of haste {unknown}
 z - a potion of brilliance {unknown}
Comestibles
 c - 22 rations


   Skills:
 + Level 6.2 Fighting
 + Level 7.3 Axes
 + Level 0.8 Throwing
 * Level 6.2 Armour
 + Level 1.8 Dodging
 * Level 6.6 Invocations


You had 8 spell levels left.
You didn't know any spells.

Dungeon Overview and Level Annotations

Branches:
Dungeon (9/15)             Temple (0/1) D:6
   Lair: D:8-11         Orc: D:9-12

Altars:
Kikubaaqudgha
Trog
Zin
The Shining One
Beogh

Shops:
D:8 =


Innate Abilities, Weirdness & Mutations

You have hooves in place of feet.
Armour fits poorly on your strangely shaped body.
You cover ground very quickly.
You have extremely tough skin. (AC +3)


Message History

The wyvern bites you but does no damage.
The orc wizard gestures wildly while chanting.
The orc wizard blinks!
Items here: )) [[ † a whip; a chain mail; a dagger; a leather armour; an orc corpse Unknown command.
Unknown command.
The wyvern bites you.
Unknown command.
You slash the wyvern!
The wyvern is heavily wounded.
The wyvern bites you!
* * * LOW HITPOINT WARNING * * *
The wyvern bites you!
* * * LOW HITPOINT WARNING * * *
You completely miss the wyvern. Your kick misses the wyvern.
The wyvern is heavily wounded.
The wyvern bites you but does no damage.
The wyvern bites you!
You die...

###+#### #......#
#......# . #......#
.. #......#.#.
#......._..
######## #......#.#
#......# #@l)o....#
#......#####'######
#........# #.#
#......#.# #.#
#....†.#.# #.#
#####'##.###.#
#<##.#.#.#
####...#.# ###.#.#


You could see a wyvern and an orc wizard.

Vanquished Creatures
  A hippogriff (D:6)
  2 orc warriors (D:8)
  3 sky beasts
  A phantom (D:8)
  An ogre (D:7)
  A centaur (D:7)
  A big kobold (D:7)
  5 bullfrogs
  2 scorpions
  5 killer bees (D:8)
  2 howler monkeys
  4 jellies
  3 centaur zombies
  3 bullfrog zombies
  6 hounds
  Crazy Yiuf (D:2)
  5 orc priests
  6 orc wizards
  6 iguanas
  6 worker ants
  A hound zombie (D:7)
  A hound skeleton (D:6)
  Robin (D:3)
  A howler monkey skeleton (D:6)
  2 worker ant zombies
  3 gnolls (D:6)
  11 adders
  3 shadow imps
  An ufetubus (Abyss:2)
  2 adder skeletons (D:5)
  An adder zombie (D:5)
  4 worms
  2 dart slugs (D:1)
  6 leopard geckos
  47 orcs
  3 ball pythons
  3 giant cockroaches
  19 goblins
  11 hobgoblins
  14 jackals
  5 quokkas
  10 bats
  7 frilled lizards
  A giant cockroach zombie (D:5)
  A jackal zombie (D:5)
  17 kobolds
  A quokka skeleton (D:5)
  12 rats
254 creatures vanquished.

Vanquished Creatures (others)
  An orc warrior (D:6)
  The ghost of Salt the Chopper, an amateur DDFi (D:3)
2 creatures vanquished.

Grand Total: 256 creatures vanquished

Notes
Turn   | Place    | Note
-------+----------+-------------------------------------------
     0 | Abyss:1  | Gargoyl the Centaur Abyssal Knight began the quest for the Orb.
     0 | Abyss:1  | Reached XP level 1. HP: 19/19 MP: 2/2
     2 | Abyss:1  | Found a basalt altar of Yredelemnul.
   137 | Abyss:2  | Got a faintly glowing chain mail
   150 | Abyss:2  | Identified the +5 chain mail of Hospitality {rPois} (You found it on level 2 of the Abyss)
   168 | Abyss:2  | Noticed a smoke demon
   168 | D:1      | Escaped the Abyss
   219 | D:1      | Reached skill level 2 in Axes
   219 | D:1      | Reached XP level 2. HP: 26/26 MP: 3/3
   353 | D:1      | Reached * piety under Lugonu
   631 | D:1      | Reached XP level 3. HP: 31/31 MP: 5/5
  1133 | D:2      | Reached ** piety under Lugonu
  1274 | D:2      | Reached XP level 4. HP: 38/38 MP: 6/6
  1637 | D:2      | Found a runed door.
  1787 | D:2      | Found a glowing silver altar of Zin.
  2445 | D:2      | Noticed Crazy Yiuf
  2453 | D:2      | Killed Crazy Yiuf
  2730 | D:3      | Noticed Salt's ghost (amateur DDFi)
  3015 | D:3      | Found a faded altar of an unknown god.
  3148 | D:3      | Reached XP level 5. HP: 25/46 MP: 7/7
  3611 | D:3      | Noticed Robin
  3615 | D:3      | Reached *** piety under Lugonu
  3618 | D:3      | Killed Robin
  3824 | D:3      | Reached skill level 3 in Axes
  4029 | D:3      | Banished Salt's ghost
  4198 | D:4      | Reached XP level 6. HP: 52/52 MP: 8/8
  4668 | D:4      | Reached skill level 1 in Dodging
  4685 | D:4      | Reached skill level 4 in Axes
  5081 | D:4      | Reached XP level 7. HP: 44/60 MP: 8/10
  5291 | D:4      | Found a glowing golden altar of the Shining One.
  5483 | D:5      | Entered Level 5 of the Dungeon
  5670 | D:5      | Reached **** piety under Lugonu
  5873 | D:5      | Noticed a moth of wrath
  5876 | D:5      | Found a bloodstained altar of Trog.
  6490 | D:5      | Reached skill level 5 in Axes
  6670 | D:6      | Reached XP level 8. HP: 67/67 MP: 11/11
  6745 | D:6      | Reached skill level 5 in Fighting
  6746 | D:6      | Found a staircase to the Ecumenical Temple.
  6937 | D:6      | Reached skill level 5 in Invocations
  7967 | D:7      | Noticed a hippogriff
  8193 | D:6      | Killed a hippogriff
  8193 | D:6      | Reached skill level 6 in Axes
  8193 | D:6      | Reached skill level 5 in Armour
  8483 | D:7      | Reached XP level 9. HP: 71/74 MP: 13/13
  8488 | D:7      | Reached ***** piety under Lugonu
  8725 | D:7      | Found Xioghali's Book Boutique.
  9837 | D:8      | Found Tyeph's Jewellery Boutique.
  9906 | D:8      | Found a roughly hewn altar of Beogh.
 10135 | D:8      | Reached skill level 7 in Axes
 10703 | D:8      | Got a vibrating bone ring
 11055 | D:9      | Identified the ring of the Demon Prince {MP+9 Str+5 Dex-2} (You took it off an orc on level 8 of the Dungeon)
 11080 | D:9      | Found an ancient bone altar of Kikubaaqudgha.
 11096 | D:9      | Slain by a wyvern

Skill      XL: |  1  2  3  4  5  6  7  8  9 |
---------------+----------------------------+-----
Axes           | 2 3 4 5 6 7 |  7.3
Invocations    | 3 4 5 6 |  6.6
Armour         | 2 3 4 5 6 |  6.2
Fighting       | 4 5 6 |  6.2
Dodging        | 1 |  1.8
Throwing       | |  0.8

Action                   |  1- 3 |  4- 6 |  7- 9 || total
-------------------------+-------+-------+-------++-------
Melee: Hand axe          |   109 |   278 |   623 ||  1010
       Kick              |    15 |    50 |   140 ||   205
Throw: Tomahawk          |       |       |     4 ||     4
Invok: Depart the Abyss  |     1 |       |       ||     1
       Banish            |       |     1 |     1 ||     2
  Use: Scroll            |     4 |     5 |    11 ||    20
       Potion            |       |     1 |     3 ||     4
  Eat: Chunk             |       |    10 |    11 ||    21
       Ration            |       |       |     2 ||     2
Armor: Chain mail        |   103 |   269 |   560 ||   932
       Leather armour    |     2 |       |       ||     2
Dodge: Dodged            |    34 |    76 |   170 ||   280
